 Dungeon Crawl Stone Soup version 0.28.0 (webtiles) character file.

Game seed: 9223320477360577685

23 horus123 the Grave Robber (level 2, -1/15 HPs)
             Began as a Deep Elf Necromancer on Feb 11, 2022.
             Slain by a gnoll (14 damage)
             ... on level 2 of the Dungeon.
             The game lasted 00:01:55 (1622 turns).

horus123 the Grave Robber (Deep Elf Necromancer)    Turns: 1622, Time: 00:01:56

Health: -1/15      AC:  2    Str:  5    XL:     2   Next: 72%
Magic:  7/9        EV: 12    Int: 19    God:
Gold:   30         SH:  0    Dex: 15    Spells: 8/9 levels left

rFire   . . .      SeeInvis .   j - +0 war axe
rCold   . . .      Faith    .   (no shield)
rNeg    . . .      Spirit   .   a - +0 robe
rPois   .          Reflect  .   (no helmet)
rElec   .          Harm     .   (no cloak)
rCorr   .          Rampage  .   (no gloves)
Will    .....                   (no boots)
Stlth   ++........              (no amulet)
HPRegen 0.05/turn               (no ring)
MPRegen 0.11/turn               (no ring)

@: no status effects
A: no striking features
a: no special abilities


You were on level 2 of the Dungeon.
You visited 1 branch of the dungeon, and saw 4 of its levels.

You collected 30 gold pieces.

Inventory:

Hand Weapons
 j - a +0 war axe (weapon)
Missiles
 c - 23 bolts
 f - 17 sling bullets
Armour
 a - a +0 robe (worn)
Scrolls
 b - a scroll of enchant weapon {unknown}
 h - a scroll of holy word {unknown}
Potions
 d - 2 potions of invisibility {unknown}
 e - a potion of berserk rage {unknown}
 g - a potion of ambrosia {unknown}
 i - 2 potions of resistance {unknown}
 k - a potion of degeneration {unknown}


   Skills:
 - Level 2.4 Dodging
 - Level 2.4 Stealth
 - Level 4.0 Spellcasting
 + Level 5.3 Necromancy


You had 8 spell levels left.
You knew the following spells:

 Your Spells              Type           Power      Damage    Failure   Level
a - Pain                  Necr           96%        1d8       1%          1

Your spell library contained the following spells:

 Spells                   Type           Power      Damage    Failure   Level
 Animate Skeleton         Necr           48%        N/A       1%          1
 Vampiric Draining        Necr           24%        2d7       4%          3
 Animate Dead             Necr           12%        N/A       16%         4
 Agony                    Necr           24%        N/A       38%         5


Dungeon Overview and Level Annotations

Branches:
Dungeon (4/15)
 Temple: D:4-7

Altars:

Shops:
D:1 ?


Message History

A kobold comes into view. It is wielding a +0 short sword.
The kobold shouts!
You hear an angry hiss.
A ball python comes into view.
The kobold writhes in agony.
You kill the kobold!
The ball python barely resists.
The ball python writhes in agony.
You kill the ball python!
Things that are here:
a +0 short sword; a stone; a kobold corpse A ball python comes into view.
The ball python writhes in agony.
You kill the ball python!
Found a stone staircase leading up.
No target in view!
There is a stone staircase leading up here.
You climb upwards.
Found 19 gold pieces.
There is a stone staircase leading down here.
A gnoll comes into view. It is wielding a +1 flail of draining.
A gnoll comes into view. It is wielding a +0 halberd.
The gnoll shouts!
You hear a shout! x2
The gnoll throws a throwing net.
The throwing net hits you.
You become entangled in the net!
You see here a throwing net.
You can't see any susceptible monsters within range! (Use Z to cast anyway.) Unknown command.
You struggle against the net.
The gnoll shouts!
A gnoll comes into view. It is wielding a +0 spear.
You struggle against the net.
You struggle against the net.
A gnoll comes into view. It is wielding a +1 whip of venom.
You shred the net and break free!
Okay, then.
The gnoll writhes in agony.
The gnoll writhes in agony.
The gnoll hits you with a +1 flail of draining!
Ouch! That really hurt!
You die...

...##.. ..#...
#+#+# #.#.#.
#.#.#
..#####.#...
#...#
............
#..###+##
.######.##.#
#.>.....# #
#.....
###.....#####.#
#.....
#.....ggg@..#
#.####
+......######
#.#
#.............
#.#
#......#######
#.# #...$.g#
#......#
.......g#
##.......#
#.......#


You could see 3 gnolls.

Vanquished Creatures
  An adder skeleton (D:4)
  An endoplasm (D:1)
  3 goblins
  3 hobgoblins
  3 quokkas
  4 ball pythons
  A frilled lizard (D:2)
  A kobold (D:3)
  A rat (D:2)
18 creatures vanquished.

Vanquished Creatures (others)
  2 demonic plants (D:3)
2 creatures vanquished.

Grand Total: 20 creatures vanquished

Notes
Turn   | Place    | Note
-------+----------+-------------------------------------------
     0 | D:1      | horus123 the Deep Elf Necromancer began the quest for the
                  | Orb.
     0 | D:1      | Reached XP level 1. HP: 10/10 MP: 6/6
   622 | D:1      | Reached XP level 2. HP: 14/15 MP: 7/9
   927 | D:1      | Found Puuj's Magic Scroll Boutique.
  1108 | D:2      | Reached skill level 5 in Necromancy
  1203 | D:2      | You fall into a shaft and drop 2 floors!
  1622 | D:2      | Slain by a gnoll

Illustrated notes

Levels and vault maps discovered:
D:1:      kennysheep_arrival_forest, layout_basic, serial_shops,
          nicolae_shop_waterfront, amcnicky_mini_pool_small
D:2:      layout_basic, minmay_pentomino_r4, uniq_jessica
D:3:      layout_loops_corners, dreamdust_ecumenical_altar_sealed_demon,
          st_stairs_1, roderic_batcave
D:4:      layout_rooms, lemuel_crystal_altar, mainiacjoe_overflow_two_lobes,
          minmay_temple_entry_nine_rooms

Skill      XL: |  1  2 |
---------------+-------+-----
Spellcasting   | 4 |  4.0
Necromancy     | 5 |  5.3
Dodging        | |  2.4
Stealth        | |  2.4

Action                   || total
-------------------------++-------
Melee: War axe           ||     7
 Cast: Pain              ||    26
Armor: Robe              ||     3
Dodge: Dodged            ||    15
